 Dungeon Crawl Stone Soup version 0.31-a0-984-gbfb7dba898 (webtiles) character file.

Game seed: 12990896540225185731

579 BinkBink the Shooter (level 7, -2/55 HPs)
             Began as a Formicid Hunter on Nov 3, 2023.
             Slain by a sleepcap (8 damage)
             ... on level 5 of the Dungeon.
             The game lasted 00:06:08 (4757 turns).

BinkBink the Shooter (Formicid Hunter)              Turns: 4757, Time: 00:06:08

Health: -2/55      AC:  2    Str: 16    XL:     7   Next: 63%
Magic:  7/7        EV: 14    Int:  8    God:
Gold:   128        SH:  0    Dex: 19    Spells: 6/6 levels left

rFire   . . .        a - +0 shortbow
rCold   . . .        (no shield)
rNeg    + . .        b - +0 robe
rPois   .            (helmet unavailable)
rElec   .            (no cloak)
rCorr   +            (no gloves)
SInv    +            (no boots)
Will    .....        (no amulet)
Stlth   +++          i - ring of positive energy
HPRegen 0.29/turn    j - ring of resist corrosion
MPRegen 0.10/turn

%: no passive effects
@: no status effects
A: permanent stasis, dig shafts and tunnels, antennae 3, four strong arms
a: Dig, Shaft Self


You were on level 5 of the Dungeon.
You visited 1 branch of the dungeon, and saw 5 of its levels.

You collected 128 gold pieces.

Inventory:

Hand Weapons
 a - a +0 shortbow (weapon)
Armour
 b - a +0 robe (worn)
Jewellery
 i - a ring of positive energy (left hand)
 j - a ring of resist corrosion (right hand)
Scrolls
 e - a scroll of identify
 f - a scroll of teleportation
 g - 2 scrolls of poison
 h - a scroll of amnesia
 m - a scroll of fear {unknown}
 p - a scroll of noise {unknown}
Potions
 c - 2 potions of curing
 d - a potion of enlightenment {unknown}
 k - a potion of heal wounds {unknown}
 l - a potion of attraction {unknown}
 n - 3 potions of mutation {unknown}
 o - a potion of resistance {unknown}
 q - 2 potions of lignification {unknown}
 r - a potion of might {unknown}


   Skills:
 + Level 4.6 Fighting
 + Level 5.5 Ranged Weapons
 + Level 3.8 Dodging
 + Level 5.0 Stealth


You had 6 spell levels left.
You didn't know any spells.
Your spell library contained the following spells:

 Spells                   Type           Power      Damage    Failure   Level
 Apportation              Tloc           0%         N/A       41%         1
 Magic Dart               Conj           0%         1d3       41%         1
 Necrotise                Necr           0%         1d4       41%         1
 Summon Small Mammal      Summ           0%         N/A       41%         1
 Call Imp                 Summ           0%         N/A       54%         2
 Poisonous Vapours        Pois/Air       0%         N/A       54%         2
 Mephitic Cloud           Conj/Pois/Air  0%         N/A       78%         3
 Stone Arrow              Conj/Erth      0%         3d7       78%         3
 Lee's Rapid Deconstruct  Erth           0%         3d4*      100%        5
 Bombard                  Conj/Erth      0%         9d1       100%        6
 Chain Lightning          Conj/Air       0%         N/A       100%        9
 Fire Storm               Conj/Fire      0%         5d1       100%        9
 Shatter                  Erth           0%         3d5*      100%        9


Dungeon Overview and Level Annotations

Branches:
Dungeon (5/15)
 Temple: D:4-7

Altars:


Innate Abilities, Weirdness & Mutations

You cannot be hasted, slowed, berserked, paralysed or teleported.
You can dig through walls and to a lower floor.
You have a pair of large antennae on your head. (SInv)
Your four strong arms can wield two-handed weapons with a shield.


Message History

Aim: a scorpion (almost dead, 65% to hit)
You shoot an arrow.
The arrow hits the scorpion but does no damage.
The scorpion is almost dead.
You feel sick. The scorpion stings you.
* * * LOW HITPOINT WARNING * * *
The sleepcap releases spores at you.
* * * LOW HITPOINT WARNING * * *
Fire: a) +0 shortbow
Press: ? - help, Q - select action, (/) - cycle Shift-Dir - straight line, f/p - scorpion
Aim: a scorpion (almost dead, 65% to hit)
You shoot an arrow. The arrow hits the scorpion!
You kill the scorpion!
You feel sick. The sleepcap closely misses you.
Your Stealth skill increases to level 5!
Okay, then.
It was a potion of curing.
You feel better. The sleepcap misses you.
Fire: a) +0 shortbow
Press: ? - help, Q - select action, (/) - cycle Shift-Dir - straight line, f - sleepcap
Aim: a sleepcap (98% to hit)
You shoot an arrow. The arrow hits the sleepcap.
The sleepcap is lightly damaged.
The sleepcap releases spores at you.
* * * LOW HITPOINT WARNING * * *
Fire: a) +0 shortbow
Press: ? - help, Q - select action, (/) - cycle Shift-Dir - straight line, f/p - sleepcap
Aim: a sleepcap (lightly damaged, 98% to hit)
You shoot an arrow.
The arrow hits the sleepcap but does no damage.
The sleepcap is lightly damaged.
The sleepcap releases spores at you.
* * * LOW HITPOINT WARNING * * *
You are engulfed in a cloud of soporific spores!
You fall asleep.
The sleepcap releases spores at you.
You wake up.
* * * LOW HITPOINT WARNING * * *
You are engulfed in a cloud of soporific spores!
You are unaffected.
The sleepcap releases spores at you!
You die...

#.# #.#
########.#
.........#
.#######.#
.........#
.#######.# #.#
#@#
........f..#
#............#
#######.######
..# ###


You could see a sleepcap.

Vanquished Creatures
  Menkaure (D:4)
  A centaur (D:4)
  A scorpion (D:5)
  A hound (D:4)
  Jessica (D:3)
  8 gnolls (D:3)
  9 adders
  4 worms
  3 dart slugs
  4 orcs
  11 ball pythons
  5 bats
  3 endoplasms
  A giant cockroach (D:4)
  9 goblins
  9 hobgoblins
  7 jackals
  8 kobolds
  3 quokkas
  3 frilled lizards
  5 rats
97 creatures vanquished.

Notes
Turn   | Place    | Note
-------+----------+-------------------------------------------
     0 | D:1      | BinkBink the Formicid Hunter began the quest for the Orb.
     0 | D:1      | Reached XP level 1. HP: 16/16 MP: 1/1
   123 | D:1      | Reached XP level 2. HP: 5/23 MP: 2/2
   348 | D:1      | Got Sif Muna's Incunable of the Pneumatic Plateau
   443 | D:1      | Reached XP level 3. HP: 28/28 MP: 3/3
  1224 | D:2      | Reached XP level 4. HP: 34/34 MP: 4/4
  1785 | D:3      | Reached XP level 5. HP: 41/41 MP: 5/5
  2044 | D:3      | Identified the +3 leather armour "Rouss" {rPois Str-4
                  | Dex+9}
  2556 | D:3      | Noticed Jessica
  2560 | D:3      | Killed Jessica
  2687 | D:3      | Reached XP level 6. HP: 47/47 MP: 6/6
  3388 | D:4      | Reached skill level 5 in Ranged Weapons
  3419 | D:4      | Noticed Menkaure
  3430 | D:4      | Killed Menkaure
  3431 | D:4      | Reached XP level 7. HP: 24/54 MP: 7/7
  4451 | D:5      | Entered Level 5 of the Dungeon
  4753 | D:5      | Reached skill level 5 in Stealth
  4757 | D:5      | Slain by a sleepcap

Illustrated notes

Levels and vault maps discovered:
D:1:      dpeg_arrival_refuge, layout_loops_ring
D:2:      layout_basic, minmay_hexomino_c4
D:3:      layout_basic, saegor_snake_ambush, uniq_jessica
D:4:      layout_basic, uniq_menkaure
D:5:      layout_loops_ring, sigmund_edmund_badplayer

Skill      XL: |  1  2  3  4  5  6  7 |
---------------+----------------------+-----
Dodging        | 2 3 |  3.8
Stealth        | 2 3 4 5 |  5.0
Fighting       | 3 4 |  4.6
Ranged Weapons | 5 |  5.5

Action                     |  1- 3 |  4- 6 |  7- 9 || total
---------------------------+-------+-------+-------++-------
   Fire: Shortbow          |   101 |   188 |    66 ||   355
Ability: Dig               |     1 |       |       ||     1
         Shaft Self        |       |       |     1 ||     1
    Use: Scroll            |       |     1 |     3 ||     4
         Potion            |       |       |     1 ||     1
 Armour: Skin              |    21 |    11 |       ||    32
         Robe              |       |    25 |    34 ||    59
  Dodge: Dodged            |    33 |    60 |    25 ||   118

Table legend: (Time is in decaauts)
 A = Elapsed time spent in this place.
 B = Non-inter-level travel time spent in this place.
 C = Inter-level travel time spent in this place.
 D = Time resting spent in this place.
 E = Time spent auto-exploring this place.
 F = Levels seen in this place.
 G = Mean time per level.
                   A        B        C        D        E       F      G
               +--------+--------+--------+--------+--------+-----+--------+
         Total |   4838 |   4528 |    310 |    388 |   3437 |   5 |  967.6 |
       Dungeon |   4838 |   4528 |    310 |    388 |   3437 |   5 |  967.6 |
               +--------+--------+--------+--------+--------+-----+--------+

Top non-repeatable levels by time:
     D:2: 1433 daAuts
     D:4: 1153 daAuts
     D:3: 1136 daAuts
     D:1: 807 daAuts
     D:5: 308 daAuts
